 Dungeon Crawl Stone Soup version 0.27-a0-1105-g946c659c87 (webtiles) character file.

Game seed: 15796273933574334056

3982 DogServant the Magician (level 10, 74/74 HPs)
             Began as a Gnoll Fire Elementalist on Apr 29, 2021.
             Was an Initiate of Ashenzari.
             Quit the game on level 9 of the Dungeon on Apr 30, 2021.
             The game lasted 00:27:03 (10220 turns).

DogServant the Magician (Gnoll Fire Elementalist)  Turns: 10220, Time: 00:27:03

Health: 74/74      AC:  8    Str: 13    XL:     10   Next: 22%
Magic:  20/20      EV: 14    Int: 17    God:    Ashenzari [......]
Gold:   411        SH:  5    Dex: 12    Spells: 6/23 levels left

rFire    + . .     SeeInvis .   h - +5 long sword
rCold    x . .     Faith    .   (no shield)
rNeg     + + .     Spirit   .   b - +2 robe {rN+}
rPois    .         Reflect  +   w - +0 helmet
rElec    .         Harm     .   n - +0 cloak
rCorr    +         Rampage  .   (no gloves)
Will     +....                  c - +0 pair of boots
Stlth    +++.......             a - amulet "Kurghouk" {Reflect rN+ Will+ SH+5}
HPRegen  0.22/turn              j - ring of fire
MPRegen  0.17/turn              y - ring of the Gloaming {Fly rCorr Str+4}

@: flying
A: fangs 1, strong nose, distributed training
a: Renounce Religion, Curse Item


You were on level 9 of the Dungeon.
You worshipped Ashenzari.
Ashenzari was noncommittal.
You visited 1 branch of the dungeon, and saw 9 of its levels.
You also visited: Ossuary.

You collected 411 gold pieces.

Inventory:

Hand Weapons
 h - a +5 long sword (weapon)
 r - a +2 whip of flaming
Missiles
 g - 65 poisoned darts (quivered)
 l - 6 datura-tipped darts
Armour
 b - a +2 robe of positive energy (worn)
 c - a +0 pair of boots (worn)
 n - a +0 cloak (worn)
 w - a +0 helmet (worn)
Jewellery
 a - the amulet "Kurghouk" (around neck) {Reflect rN+ Will+ SH+5}
   (You acquired it on level 8 of the Dungeon)

   [amulet of reflection]

   It reflects blocked missile attacks.
   It protects you from negative energy.
   It affects your SH (+5).
   It increases your willpower.
 j - a ring of fire (left hand)
 q - an amulet of magic regeneration
 y - the ring of the Gloaming (right hand) {Fly rCorr Str+4}
   (You found it on level 5 of the Dungeon)

   [ring of flight]

   It affects your strength (+4).
   It grants you flight.
   It protects you from acid and corrosion.
 D - a ring of magical power
Wands
 k - a wand of iceblast (32)
 s - a wand of acid (8)
 v - a wand of mindburst (35)
 A - a wand of digging (5)
 G - a wand of polymorph (8)
 H - a wand of flame (40)
Scrolls
 d - 3 scrolls of amnesia
 f - a scroll of enchant armour
 m - 5 scrolls of teleportation
 u - a scroll of silence
 x - a scroll of magic mapping
 C - a scroll of fog
 E - 2 scrolls of holy word
Potions
 e - 3 potions of magic
 i - 2 potions of flight
 o - 4 potions of curing
 p - 2 potions of cancellation
 t - 2 potions of brilliance
 B - a potion of haste
 F - a potion of mutation


   Skills:
 + Level 5.1 Fighting
 + Level 5.1 Short Blades
 + Level 5.1 Long Blades
 + Level 5.1 Axes
 + Level 5.1 Maces & Flails
 + Level 5.1 Polearms
 + Level 5.1 Staves
 + Level 5.1 Slings
 + Level 5.1 Bows
 + Level 5.1 Crossbows
 + Level 5.1 Throwing
 + Level 5.1 Armour
 + Level 6.9 Dodging
 + Level 6.6 Stealth
 + Level 5.1 Shields
 + Level 5.1 Unarmed Combat
 + Level 7.2 Spellcasting
 + Level 4.7 Conjurations
 + Level 4.2 Hexes
 + Level 4.2 Summonings
 + Level 4.2 Necromancy
 + Level 4.2 Translocations
 + Level 4.2 Transmutations
 + Level 7.0 Fire Magic
 + Level 4.2 Ice Magic
 + Level 4.2 Air Magic
 + Level 4.2 Earth Magic
 + Level 4.2 Poison Magic
 + Level 5.6 Invocations
 + Level 5.1 Evocations


You had 6 spell levels left.
You knew the following spells:

 Your Spells              Type           Power      Damage    Failure   Level
a - Foxfire               Conj/Fire      100%       2x1d9     1%          1
b - Conjure Flame         Conj/Fire      39%        6-21      3%          3
c - Inner Flame           Hex/Fire       37%        N/A       3%          3
d - Ensorcelled Hibernat  Hex/Ice        40%        N/A       3%          2
e - Sandblast             Erth           40%        2d10      1%          1
f - Sticky Flame          Conj/Fire      39%        2d6       10%         4
g - Mephitic Cloud        Conj/Pois/Air  21%        N/A       5%          3

Your spell library contained the following spells:

 Spells                   Type           Power      Damage    Failure   Level
 Corona                   Hex            22%        N/A       1%          1
 Magic Dart               Conj           88%        1d7       1%          1
 Blink                    Tloc           N/A        N/A       3%          2
 Call Imp                 Summ           20%        N/A       3%          2
 Slow                     Hex            20%        N/A       3%          2
 Dazzling Flash           Conj/Hex       42%        N/A       5%          3
 Confusing Touch          Hex            20%        N/A       6%          3
 Summon Guardian Golem    Hex/Summ       20%        N/A       6%          3
 Tukima's Dance           Hex            20%        N/A       6%          3
 Fireball                 Conj/Fire      19%        3d9       28%         5
 Malign Gateway           Summ/Tloc      10%        N/A       100%        7
 Shatter                  Erth           10%        3d11*     100%        9


Dungeon Overview and Level Annotations

Branches:
Dungeon (9/15)             Temple (0/1) D:5         Ossuary (visited)
   Lair: D:8-11         Orc: D:9-12

Altars:
Ashenzari
Dithmenos
Kikubaaqudgha
Okawaru
Ru
Trog
Wu Jian
Yredelemnul
The Shining One

Shops:
D:8 [   D:9 *

Annotations:
D:5 2 runed translucent doors, Sigmund


Innate Abilities, Weirdness & Mutations

You have very sharp teeth.
Your uncanny sense of smell can sniff out nearby items.
Your experience applies equally to all skills.


Message History

The gnoll shouts!
Casting: Foxfire (safe; 1% risk of failure)
Confirm with . or Enter, or press ? or * to list all spells.
You feel a surge of power!
You conjure some foxfire!
The foxfire hits the gnoll!
The gnoll is severely wounded.
The foxfire hits the gnoll but does no damage.
The gnoll is severely wounded.
Casting: Foxfire (safe; 1% risk of failure)
Confirm with . or Enter, or press ? or * to list all spells.
You feel a surge of power!
You conjure some foxfire!
The foxfire hits the gnoll.
The gnoll is severely wounded.
The foxfire hits the gnoll.
The gnoll is almost dead.
The foxfire hits the gnoll.
You kill the gnoll!
HP restored.
Magic restored.
Things that are here:
a +0 whip; a scroll of identify; a gnoll corpse
Things that are here:
a +1 vorpal war axe; a +0 plate armour
k - a wand of iceblast (32) (gained 8 charges)
m - 5 scrolls of teleportation (gained 1)
Items here: )) [ †.
Things that are here:
a +0 club; a +0 ring mail; an orc corpse
Things that are here:
a +0 dagger; a +0 robe You reach down and open the door.
Found a stone staircase leading down.
Found a potion of attraction.
There is an open door here.
Found a +0 great sword.
Found Tich's Assorted Antiques.
Found a +0 dagger.
There is an entrance to Tich's Assorted Antiques here.
Okay, then.
Are you sure you want to abandon this character and quit the game? (Confirm with "yes".)

####### ##.....#
#8.8.8.#### ##
#.⌠.⌠...... ....
##8.@.8.....
..).##..⌠.⌠...)..
.......8.8.8.....
∆........#+######
........# ####....#
#....# ..#
#....#########..#
###.............#####


There were no monsters in sight!

Vanquished Creatures
  Joseph (D:8)
  A wyvern (D:6)
  5 yaks (D:8)
  A steam dragon (D:7)
  3 water moccasins
  A hornet zombie (D:7)
  An ice beast (D:8)
  4 orc warriors
  3 necrophages
  A centaur (D:8)
  A bullfrog (D:8)
  A wyvern zombie (D:6)
  2 scorpions (D:4)
  A gnoll sergeant (D:9)
  A wyvern skeleton (D:7)
  A water moccasin skeleton (D:4)
  A vampire bat (D:4)
  3 wights (Ossuary)
  2 howler monkeys (D:8)
  A hound (D:5)
  3 jellies
  4 orc priests
  2 centaur skeletons (D:6)
  A scorpion zombie (D:5)
  3 iguanas
  4 orc wizards
  A hound skeleton (D:5)
  Robin (D:4)
  6 gnolls
  A howler monkey skeleton (D:6)
  12 adders
  An ufetubus (D:4)
  2 adder zombies (Ossuary)
  2 worms
  A dart slug (D:3)
  19 orcs
  10 bats
  8 endoplasms
  2 giant cockroaches
  16 goblins
  7 hobgoblins
  6 kobolds
  5 quokkas
  4 ball pythons
  2 ball python skeletons (Ossuary)
  A frilled lizard (D:3)
  A hobgoblin skeleton (Ossuary)
  2 hobgoblin zombies (Ossuary)
  A kobold zombie (Ossuary)
  7 rats
  2 rat zombies (D:4)
  A butterfly (D:5)
173 creatures vanquished.

Vanquished Creatures (others)
  554 foxfires
554 creatures vanquished.

Grand Total: 727 creatures vanquished

Notes
Turn   | Place    | Note
-------+----------+-------------------------------------------
     0 | D:1      | DogServant the Gnoll Fire Elementalist began the quest for
                  | the Orb.
     0 | D:1      | Reached XP level 1. HP: 13/13 MP: 6/6
   238 | D:1      | Reached XP level 2. HP: 19/19 MP: 4/7
   895 | D:2      | Found a faded altar of an unknown god.
  1078 | D:2      | Reached skill level 5 in Spellcasting
  1078 | D:2      | Reached XP level 3. HP: 25/25 MP: 5/9
  1165 | D:2      | Reached skill level 1 in Invocations
  1218 | D:2      | Reached skill level 1 in Fighting
  1218 | D:2      | Reached skill level 1 in Short Blades
  1218 | D:2      | Reached skill level 1 in Long Blades
  1218 | D:2      | Reached skill level 1 in Axes
  1218 | D:2      | Reached skill level 1 in Maces & Flails
  1218 | D:2      | Reached skill level 1 in Polearms
  1218 | D:2      | Reached skill level 1 in Staves
  1218 | D:2      | Reached skill level 1 in Slings
  1218 | D:2      | Reached skill level 1 in Bows
  1218 | D:2      | Reached skill level 1 in Crossbows
  1218 | D:2      | Reached skill level 1 in Throwing
  1218 | D:2      | Reached skill level 1 in Armour
  1218 | D:2      | Reached skill level 1 in Shields
  1218 | D:2      | Reached skill level 1 in Unarmed Combat
  1218 | D:2      | Reached skill level 1 in Evocations
  1603 | D:2      | Reached XP level 4. HP: 32/32 MP: 7/11
  1908 | D:3      | Reached skill level 1 in Hexes
  1908 | D:3      | Reached skill level 1 in Summonings
  1908 | D:3      | Reached skill level 1 in Necromancy
  1908 | D:3      | Reached skill level 1 in Translocations
  1908 | D:3      | Reached skill level 1 in Transmutations
  1908 | D:3      | Reached skill level 1 in Ice Magic
  1908 | D:3      | Reached skill level 1 in Air Magic
  1908 | D:3      | Reached skill level 1 in Earth Magic
  1908 | D:3      | Reached skill level 1 in Poison Magic
  2121 | D:3      | Found a sacrificial altar of Ru.
  2123 | D:3      | Found a basalt altar of Yredelemnul.
  2139 | D:3      | Found a broken altar of Ashenzari.
  2139 | D:3      | Found a bloodstained altar of Trog.
  2139 | D:3      | Found an ancient bone altar of Kikubaaqudgha.
  2146 | D:3      | Became a worshipper of Ashenzari the Shackled
  2379 | D:3      | Reached XP level 5. HP: 37/37 MP: 10/12
  2487 | D:3      | Learned a level 3 spell: Conjure Flame
  2491 | D:3      | Learned a level 3 spell: Inner Flame
  2494 | D:3      | Learned a level 2 spell: Ensorcelled Hibernation
  3081 | D:4      | Identified the Guide on Companions and Earth
  3096 | D:4      | Found a sand-covered staircase.
  3101 | D:4      | Learned a level 1 spell: Sandblast
  3116 | Ossuary  | Entered an ossuary
  3409 | Ossuary  | HP: 1/32 [wight/+0 scimitar (2)]
  3429 | Ossuary  | Reached XP level 6. HP: 6/40 MP: 11/13
  3754 | Ossuary  | Noticed a wraith
  3754 | Ossuary  | Noticed a flying skull
  3782 | Ossuary  | Noticed a flying skull
  3790 | Ossuary  | Noticed a wraith
  3833 | Ossuary  | Noticed a flying skull
  3992 | D:4      | Reached skill level 5 in Dodging
  4469 | D:4      | Reached XP level 7. HP: 32/50 MP: 11/15
  4745 | D:4      | Noticed Robin
  4749 | D:4      | Killed Robin
  5078 | D:5      | Entered Level 5 of the Dungeon
  5104 | D:5      | Reached skill level 5 in Stealth
  5170 | D:5      | Identified the ring of the Gloaming {Fly rCorr Str+4}
  5174 | D:5      | Found a large runed translucent door.
  5174 | D:5      | Found a large runed translucent door.
  5250 | D:5      | Noticed Sigmund
  5613 | D:5      | Reached XP level 8. HP: 57/57 MP: 14/16
  5671 | D:5      | Identified a scroll of acquirement
  5913 | D:5      | Found a staircase to the Ecumenical Temple.
  6473 | D:6      | Found a shadowy altar of Dithmenos.
  6550 | D:6      | Noticed a wyvern
  6560 | D:6      | Killed a wyvern
  7494 | D:7      | Learned a level 4 spell: Sticky Flame
  7526 | D:7      | Reached XP level 9. HP: 36/65 MP: 16/18
  7944 | D:7      | Found an ornate altar of the Wu Jian Council.
  8075 | D:7      | Found a glowing golden altar of the Shining One.
  8081 | D:7      | Found an iron altar of Okawaru.
  8891 | D:8      | Noticed Joseph
  8898 | D:8      | Killed Joseph
  8899 | D:8      | Reached skill level 5 in Invocations
  8994 | D:8      | Learned a level 3 spell: Mephitic Cloud
  8996 | D:8      | Acquired the amulet "Kurghouk" {Reflect rN+ Will+ SH+5}
  9038 | D:8      | Found Rape's Armour Emporium.
  9387 | D:8      | Reached XP level 10. HP: 48/73 MP: 14/20
  9410 | D:8      | Reached skill level 5 in Fighting
  9410 | D:8      | Reached skill level 5 in Short Blades
  9410 | D:8      | Reached skill level 5 in Long Blades
  9410 | D:8      | Reached skill level 5 in Axes
  9410 | D:8      | Reached skill level 5 in Maces & Flails
  9410 | D:8      | Reached skill level 5 in Polearms
  9410 | D:8      | Reached skill level 5 in Staves
  9410 | D:8      | Reached skill level 5 in Slings
  9410 | D:8      | Reached skill level 5 in Bows
  9410 | D:8      | Reached skill level 5 in Crossbows
  9410 | D:8      | Reached skill level 5 in Throwing
  9410 | D:8      | Reached skill level 5 in Armour
  9410 | D:8      | Reached skill level 5 in Shields
  9410 | D:8      | Reached skill level 5 in Unarmed Combat
  9410 | D:8      | Reached skill level 5 in Evocations
 10212 | D:9      | Found Tich's Assorted Antiques.
 10220 | D:9      | Quit the game

Illustrated notes

Levels and vault maps discovered:
D:1:      elethiomel_arrival_quiet, layout_loops_ring, serial_park_tiny_pond
D:2:      layout_rooms, ebering_ecumenical_altar_sacrificial,
          minmay_indecisive_spiral
D:3:      layout_loops_corners, grunt_temple_overflow_open,
          hangedman_abyss_or_decor_lesser_grid, st_stairs_3
D:4:      layout_loops_ring, enter_ossuary_4, kennysheep_pointless_box,
          roderic_batcave, uniq_crazy_yiuf_cottage, uniq_robin
D:5:      layout_loops_ring, jmf_multi_god_temple2,
          minmay_temple_entry_butterflies, minmay_misc_feat_more_columns,
          uniq_sigmund
D:6:      layout_layer_cave, nicolae_dithmenos_shadow_blocks,
          lightli_corner_chamber
D:7:      layout_gridville, overflow_temple_1_default, minitemple
D:8:      layout_loops_ring, serial_shops, shop, uniq_joseph
D:9:      layout_irregular_city, grunt_temple_overflow_order_and_chaos_1,
          lemuel_tele_altar, serial_shops, shop, shop, kennysheep_little_box,
          nicolae_shop_temple_entry_statues_fountains, shop

Skill      XL: |  1  2  3  4  5  6  7  8  9 10 |
---------------+-------------------------------+-----
Conjurations   | 2 3 4 |  4.7
Spellcasting   | 5 6 7 |  7.2
Invocations    | 1 2 3 4 5 |  5.6
Fighting       | 1 2 3 4 5 |  5.1
Short Blades   | 1 2 3 4 5 |  5.1
Long Blades    | 1 2 3 4 5 |  5.1
Axes           | 1 2 3 4 5 |  5.1
Maces & Flails | 1 2 3 4 5 |  5.1
Polearms       | 1 2 3 4 5 |  5.1
Staves         | 1 2 3 4 5 |  5.1
Slings         | 1 2 3 4 5 |  5.1
Bows           | 1 2 3 4 5 |  5.1
Crossbows      | 1 2 3 4 5 |  5.1
Throwing       | 1 2 3 4 5 |  5.1
Armour         | 1 2 3 4 5 |  5.1
Shields        | 1 2 3 4 5 |  5.1
Unarmed Combat | 1 2 3 4 5 |  5.1
Evocations     | 1 2 3 4 5 |  5.1
Hexes          | 1 2 3 4 |  4.2
Summonings     | 1 2 3 4 |  4.2
Necromancy     | 1 2 3 4 |  4.2
Translocations | 1 2 3 4 |  4.2
Transmutations | 1 2 3 4 |  4.2
Ice Magic      | 1 2 3 4 |  4.2
Air Magic      | 1 2 3 4 |  4.2
Earth Magic    | 1 2 3 4 |  4.2
Poison Magic   | 1 2 3 4 |  4.2
Dodging        | 5 6 |  6.9
Stealth        | 5 6 |  6.6
Fire Magic     | 6 7 |  7.0

Action                   |  1- 3 |  4- 6 |  7- 9 | 10-12 || total
-------------------------+-------+-------+-------+-------++-------
Melee: Whip              |       |     8 |     3 |       ||    11
       Bite              |       |     2 |     1 |       ||     3
       Long sword        |       |       |       |    10 ||    10
       Punch             |       |       |       |     1 ||     1
Throw: Dart              |       |     3 |       |       ||     3
 Cast: Foxfire           |    48 |   108 |   160 |    29 ||   345
       Inner Flame       |       |     5 |    25 |     6 ||    36
       Conjure Flame     |       |     4 |     3 |       ||     7
       Ensorcelled Hiber |       |     1 |     1 |       ||     2
       Sticky Flame      |       |       |     1 |       ||     1
       Mephitic Cloud    |       |       |       |     1 ||     1
  Use: Potion            |       |     3 |       |       ||     3
       Scroll            |       |     1 |     1 |       ||     2
Armor: Robe              |     1 |    16 |    15 |     1 ||    33
Dodge: Dodged            |     5 |    51 |    35 |     4 ||    95
Block: Other             |       |       |       |     2 ||     2

Table legend: (Time is in decaauts)
 A = Elapsed time spent in this place.
 B = Non-inter-level travel time spent in this place.
 C = Inter-level travel time spent in this place.
 D = Time resting spent in this place.
 E = Time spent auto-exploring this place.
 F = Levels seen in this place.
 G = Mean time per level.
                   A        B        C        D        E       F      G
               +--------+--------+--------+--------+--------+-----+--------+
         Total |  10218 |   9893 |    325 |   1409 |   7105 |  10 | 1021.8 |
       Dungeon |   9438 |   9113 |    325 |   1227 |   6720 |   9 | 1048.7 |
       Ossuary |    779 |    779 |      0 |    182 |    385 |   1 |  779.0 |
               +--------+--------+--------+--------+--------+-----+--------+

Top non-repeatable levels by time:
     D:8: 1454 daAuts
     D:4: 1297 daAuts
     D:6: 1274 daAuts
     D:3: 1202 daAuts
     D:7: 1180 daAuts
     D:2: 1064 daAuts
     D:5: 990 daAuts
 Ossuary: 779 daAuts
     D:1: 733 daAuts
     D:9: 242 daAuts
